Map: Void Thrashing

Players

wasp

  • Race: Protoss Protoss

larsgj

  • Race: Terran Terran

VOD

Have the link to the VOD?

Description

Time

  • Played on: Sept. 19, 2018, 12:45 p.m.
  • Length: 25:14
Show
View Real Time Build Order
Export as new Build Order

wasp Protoss 

Build Orders:  

Get SALT Encoding   

  1  0:00  Probe x12 (Chrono Boost)  
    0:10  Unknown x6  
  12  0:30  Pylon  
  12  0:44  Pylon  
  12  1:05  Gateway  
  12  1:23  Pylon  
  12  1:30  Assimilator  
  12  1:41  Assimilator  
  12  2:00  Gateway  
  12  2:15  Legionnaire  
  15  2:43  Cybernetics Core  
  15  3:02  Forge  
  15  3:14  Probe (Chrono Boost)  
  16  3:25  Kaldalis' A.I. Personality  
  16  3:28  Probe (Chrono Boost)  
  17  3:51  Probe (Chrono Boost)  
  18  4:05  Probe (Chrono Boost)  
  19  4:14  Legionnaire  
  19  4:19  Probe (Chrono Boost)  
  22  4:29  Legionnaire  
  26  4:33  Probe (Chrono Boost)  
  27  6:52  Adept  
  29  7:17  Talis' A.I. Personality  
  29  8:25  Conservator  
  29  8:26  Conservator  
  33  9:02  Legionnaire  
  33  9:03  Legionnaire  
  39  9:59  Stargate  
  39  11:20  Legionnaire  
  39  11:23  Legionnaire  
  35  11:50  Adept  
  35  11:53  Adept  
  31  12:28  Legionnaire  
  34  12:31  Adept  
  34  12:34  Robotics Facility  
  36  12:42  Fleet Beacon  
  36  12:58  Legionnaire  
  39  13:07  Photon Cannon  
  36  14:10  Scout  
  39  15:21  Scout  
  21  15:51  Scout  
  24  16:21  Scout  
  27  18:36  Robotics Bay  
  27  18:37  Immortal  
  22  19:32  Immortal  
  26  20:27  Immortal  
  30  21:22  Immortal  
  34  22:17  Immortal  
  34  22:18  Warp Gate  
  34  23:24  Colossus  
Show
View Real Time Build Order
Export as new Build Order

larsgj Terran 

Build Orders:  

Get SALT Encoding   

  1  0:00  Orbital Command, SCV x12  
    0:10  Unknown  
    0:13  SCV  
  13  0:30  Supply Depot  
  13  0:36  SCV  
  14  0:53  SCV  
  15  1:07  Barracks  
  15  1:10  SCV  
  16  1:25  Supply Depot  
  16  1:27  SCV  
  17  1:41  Marine  
  17  1:44  SCV  
  19  1:51  Barracks  
  19  2:01  SCV  
  19  2:04  Marine  
  21  2:16  Marine  
  21  2:19  Supply Depot  
  22  2:27  SCV  
  22  2:29  Marine  
  24  2:43  Marine  
  24  2:44  SCV, Marine  
  27  2:55  Supply Depot  
  27  2:57  Marine  
  28  3:06  SCV  
  29  3:10  Marine  
  29  3:17  Marine  
  31  3:22  Marine  
  31  3:23  SCV  
  31  3:29  Marine  
  33  3:35  Marine  
  35  3:40  SCV  
  35  3:42  Marine  
  35  3:47  Marine  
  38  3:54  Marine  
  38  3:56  Supply Depot  
  38  3:59  SCV  
  40  5:25  Refinery  
  40  5:28  SCV  
  41  5:31  Refinery  
  41  5:37  Supply Depot  
  41  5:43  Marine x2  
  41  5:45  SCV  
  44  5:55  Marine x2  
  46  6:02  SCV  
  46  6:08  Supply Depot  
  47  6:11  Barracks Tech Lab  
  47  6:19  SCV  
  48  6:30  Marine  
  48  6:35  SCV  
  50  6:41  Supply Depot  
  50  6:43  Marine  
  51  6:52  SCV  
  52  7:17  Medic  
  54  7:20  Marine  
  54  7:21  Command Center  
  54  7:29  Medic  
  55  7:32  Marine  
  55  7:39  Engineering Bay  
  58  7:42  Medic  
  58  7:44  Marine  
  61  7:54  Medic  
  61  7:57  Marine  
  64  8:07  Medic  
  64  8:09  Marine  
  66  8:18  Engineering Bay  
  67  8:33  Marine  
  67  8:34  Marine  
  69  8:46  Marine x2  
  71  8:56  Factory  
  71  8:58  Marine  
  71  8:59  Marine  
  73  9:07  SCV  
  73  9:10  Marine  
  73  9:11  Marine  
  73  9:23  Marine x2  
  73  9:24  SCV  
  76  9:36  Medic  
  78  9:41  SCV  
  78  9:42  Refinery  
  78  9:48  Medic  
  81  9:52  Refinery  
  81  9:58  SCV  
  78  10:15  SCV  
  73  10:32  SCV  
  53  11:08  Marine x2  
  53  11:19  Terran Infantry Weapons Level 1  
  53  11:21  Marine, Medic, Terran Infantry Armor Level 1  
  53  11:29  Stabilizer Medpacks  
  56  11:33  Marine, Medic  
  56  11:39  Unknown  
  59  11:46  Marine, Medic  
  62  11:50  SCV  
  62  11:58  Marine x2  
  65  12:07  SCV  
  66  12:10  Marine  
  66  12:11  Medic  
  69  12:22  Starport  
  69  12:23  Marine, Medic  
  69  12:24  SCV x2  
  74  12:35  Marine  
  74  12:36  Medic  
  77  12:41  SCV x2  
  77  12:43  Armory  
  77  12:48  Marine x2  
  81  12:57  SCV  
  81  12:58  SCV  
  83  13:09  Neosteel Frame  
  83  13:14  SCV  
  83  13:15  SCV  
  85  13:23  Starport Tech Lab  
  85  13:31  Fusion Core, SCV  
  85  13:32  SCV  
  87  13:44  Starport  
  87  13:48  SCV  
  87  13:49  Armory  
  88  13:53  Orbital Command  
  88  14:01  Structure Armor  
  88  14:10  Terran Vehicle and Ship Weapons Level 1  
  88  14:16  Orbital Command  
  88  14:42  Battlecruiser  
  88  14:47  Starport Tech Lab  
  94  14:59  Terran Infantry Weapons Level 2  
  94  15:01  Terran Infantry Armor Level 2  
  87  15:48  Marine x2  
  83  16:00  Marine x2  
  84  16:13  Marine x2  
  84  16:15  Starport Tech Lab  
  84  16:18  Battlecruiser  
  92  16:25  Marine x2  
  94  16:42  Missile Turret  
  94  16:50  Terran Vehicle And Ship Armor Level 1  
  94  17:10  Missile Turret  
  94  17:16  Supply Depot  
  94  17:40  Missile Turret  
  94  17:42  Marine  
  94  17:46  Battlecruiser  
  94  17:49  Supply Depot  
  100  18:11  Missile Turret  
  100  18:19  Battlecruiser  
  105  18:30  Terran Infantry Weapons Level 3  
  105  18:40  Missile Turret  
  105  19:09  Missile Turret  
  105  19:30  Terran Vehicle and Ship Weapons Level 2  
  105  19:38  Missile Turret  
  105  19:51  Battlecruiser  
  109  20:07  Missile Turret  
  106  20:27  Battlecruiser  
  107  20:37  Missile Turret  
  92  20:50  Battlecruiser  
  94  21:05  Missile Turret  
  94  21:12  Battlecruiser  
  96  21:20  Command Center  
  92  21:34  Missile Turret  
  92  21:35  Battlecruiser  
  92  22:09  Supply Depot  
  92  22:39  Battlecruiser  
  98  22:41  Supply Depot  
  98  22:56  Battlecruiser  
  98  23:14  Supply Depot  
  92  23:24  Battlecruiser  
  98  23:47  Supply Depot  
  98  23:57  Battlecruiser  
  98  24:09  Battlecruiser  
  92  24:20  Supply Depot  
Tags
 
Commander
FenixRaynor
Matchup
Co-op
Replay Pack
Multiplayer
Add a new tag
Caveats
  • Supply blocks, unpowered buildings, or Contaminate may cause inaccurate times.
  • Supply counts are checked every 10 seconds.